 Dungeon Crawl Stone Soup version 0.30-a0-422-g946f4849ff (webtiles) character file.

Game seed: 4334965210159847984

249 bande the Chopper (level 6, 0/38 HPs)
             Began as a Gargoyle Fighter on Dec 8, 2022.
             Slain by a kobold
             ... wielding the +7 staff of the Meek {protect, meekguard}
              (3 damage)
             ... on level 3 of the Dungeon.
             The game lasted 00:03:51 (1610 turns).

bande the Chopper (Gargoyle Fighter)                Turns: 1610, Time: 00:03:51

Health: 0/38       AC: 13    Str: 20    XL:     6   Next: 12%
Magic:  6/6        EV:  7    Int:  8    God:
Gold:   55         SH:  4    Dex: 11    Spells: 5/5 levels left

rFire   . . .      SeeInvis +    a - +0 war axe
rCold   . . .      Faith    .    c - +0 buckler
rNeg    + . .      Spirit   .    u - +0 chain mail
rPois   ∞          Reflect  .    (no helmet)
rElec   +          Harm     .    (no cloak)
rCorr   +          Rampage  .    (no gloves)
Will    .....                    (no boots)
Stlth   ..........               (no amulet)
HPRegen 0.26/turn                s - ring of see invisible
MPRegen 0.10/turn                t - ring of resist corrosion

@: no status effects
A: sickness immunity, AC +4, negative energy resistance 1, electricity
resistance, torment resistance 1, petrification resistance
a: no special abilities


You were on level 3 of the Dungeon.
You visited 1 branch of the dungeon, and saw 3 of its levels.

You collected 55 gold pieces.

Inventory:

Hand Weapons
 a - a +0 war axe (weapon)
 g - a +0 triple crossbow
Missiles
 h - a throwing net (quivered)
Armour
 c - a +0 buckler (worn)
 u - a +0 chain mail (worn)
Jewellery
 s - a ring of see invisible (left hand)
 t - a ring of resist corrosion (right hand)
Scrolls
 e - a scroll of butterflies {unknown}
 f - 4 scrolls of identify {unknown}
 i - a scroll of enchant weapon {unknown}
 j - a scroll of magic mapping {unknown}
 k - 4 scrolls of teleportation {unknown}
 n - a scroll of amnesia {unknown}
 p - a scroll of immolation {unknown}
Potions
 d - a potion of might
 l - 2 potions of attraction {unknown}
 m - 3 potions of degeneration {unknown}
 o - a potion of invisibility {unknown}
 q - 2 potions of cancellation {unknown}
 r - a potion of brilliance {unknown}


   Skills:
 + Level 4.1 Fighting
 + Level 4.4 Axes
 + Level 3.9 Armour
 + Level 4.0 Shields


You had 5 spell levels left.
You didn't know any spells.
Your spell library was empty.

Dungeon Overview and Level Annotations

Branches:
Dungeon (3/15)

Altars:

Shops:
D:1 !*??


Innate Abilities, Weirdness & Mutations

You are immune to sickness and miasma.
Your stone body is resilient. (AC +4)
You are immune to poison.
You resist negative energy. (rN+)
You are resistant to electric shocks. (rElec)
You are resistant to unholy torment.
You are immune to petrification.


Message History

You slash Natasha!
Natasha is almost dead.
You barely miss the giant cockroach. You hit the white imp. You hit the adder.
The adder bites you but does no damage.
The giant cockroach bites you but does no damage.
Natasha drinks a potion.
Natasha is healed!
The white imp gestures at you. The puff of frost hits you.
* * * LOW HITPOINT WARNING * * *
The adder bites you but does no damage. The giant cockroach barely misses you.
Natasha barely misses you.
The white imp hits you but does no damage.
You slash Natasha!
You kill Natasha!
You hear a faint echoing roar filled with hate and sorrow!
The white imp disappears in a puff of smoke!
You closely miss the adder. You barely miss the giant cockroach.
The adder bites you but does no damage.
The giant cockroach bites you but does no damage.
The adder bites you but does no damage.
The giant cockroach bites you but does no damage.
You block the adder's attack.
You have reached level 6!
The kobold attacks as you move away!
The kobold hits you with the +7 staff of the Meek {protect, meekguard}.
* * * LOW HITPOINT WARNING * * *
You feel yourself speed up.
The giant cockroach bites you but does no damage.
You hit the giant cockroach.
You kill the giant cockroach!
The adder bites you but does no damage.
You barely miss the adder.
The adder is severely wounded.
The adder completely misses you.
You slash the adder!
You kill the adder!
You closely miss the kobold. The kobold closely misses you.
You closely miss the kobold.
The kobold hits you with the +7 staff of the Meek {protect, meekguard}.
You die...

....#...#.....
......#......
# ......#.....
.# ...#...#..
..#
#.......#...#
........#.#
#†)......# #K#
### #@#
.....##.######
........)....#
###.########.#
#.# #.# #.#
..#.# #.#.#


You could see a kobold.

Vanquished Creatures
  An orc priest (D:3)
  Natasha (D:3)
  2 orc wizards (D:3)
  6 adders
  An adder zombie (D:2)
  An adder skeleton (D:2)
  A worm (D:2)
  2 dart slugs
  5 orcs (D:3)
  3 ball pythons
  5 endoplasms
  4 giant cockroaches
  5 hobgoblins
  2 jackals (D:1)
  3 kobolds
  2 quokkas
  A ball python skeleton (D:2)
  6 bats
  5 frilled lizards
  A giant cockroach zombie (D:2)
  7 goblins (D:1)
  A jackal skeleton (D:2)
  A rat (D:1)
66 creatures vanquished.

Vanquished Creatures (others)
  An orc wizard (D:3)
1 creature vanquished.

Grand Total: 67 creatures vanquished

Notes
Turn   | Place    | Note
-------+----------+-------------------------------------------
     0 | D:1      | bande the Gargoyle Fighter began the quest for the Orb.
     0 | D:1      | Reached XP level 1. HP: 14/14 MP: 1/1
    42 | D:1      | Reached XP level 2. HP: 17/19 MP: 2/2
   117 | D:1      | Found Xika's Magic Scroll Shoppe.
   246 | D:1      | Reached XP level 3. HP: 23/23 MP: 3/3
   274 | D:1      | Found Miewi's Assorted Antiques.
   312 | D:1      | Found Ichudoitz's Magic Scroll Emporium.
   508 | D:1      | Found Oqoc's Distillery.
   716 | D:2      | Reached XP level 4. HP: 28/29 MP: 4/4
  1238 | D:3      | Found a faded altar of an unknown god.
  1298 | D:3      | Reached XP level 5. HP: 33/33 MP: 5/5
  1597 | D:3      | Noticed Natasha
  1604 | D:3      | Killed Natasha
  1605 | D:3      | Reached XP level 6. HP: 6/38 MP: 6/6
  1605 | D:3      | HP: 1/38 [kobold/the +7 staff of the Meek {protect,
                  | meekguard} (5)]
  1610 | D:3      | Slain by a kobold

Illustrated notes

Levels and vault maps discovered:
D:1:      grunt_arrival_lava_bath, layout_rooms, serial_shops,
          nicolae_shop_hallway_stairs, nicolae_shop_waterfront,
          nicolae_diamond_shop, shop, minmay_tetromino_o2
D:2:      layout_loops_cross, serial_undead, serial_undead_a, serial_undead_d,
          serial_undead_f, serial_undead_d, minmay_misc_feat_doors,
          serial_bayou_crossing
D:3:      layout_loops_ring, zin_academy, nzn_wu_jian_contemplation,
          ebering_ecumenical_altar_petrified, minmay_misc_feat_more_columns,
          grunt_ministairs_14, uniq_natasha, uniq_ijyb

Skill      XL: |  1  2  3  4  5 |
---------------+----------------+-----
Axes           | 2 3 4 |  4.4
Fighting       | 4 |  4.1
Shields        | 4 |  4.0
Armour         | |  3.9

Action                   |  1- 3 |  4- 6 || total
-------------------------+-------+-------++-------
Melee: War axe           |    99 |   117 ||   216
Armor: Scale mail        |    60 |    49 ||   109
       Chain mail        |       |    55 ||    55
Dodge: Dodged            |    44 |    75 ||   119
Block: Buckler           |    19 |    24 ||    43

Table legend: (Time is in decaauts)
 A = Elapsed time spent in this place.
 B = Non-inter-level travel time spent in this place.
 C = Inter-level travel time spent in this place.
 D = Time resting spent in this place.
 E = Time spent auto-exploring this place.
 F = Levels seen in this place.
 G = Mean time per level.
                   A        B        C        D        E       F      G
               +--------+--------+--------+--------+--------+-----+--------+
         Total |   1707 |   1661 |     46 |     45 |   1098 |   3 |  569.0 |
       Dungeon |   1707 |   1661 |     46 |     45 |   1098 |   3 |  569.0 |
               +--------+--------+--------+--------+--------+-----+--------+

Top non-repeatable levels by time:
     D:2: 691 daAuts
     D:1: 565 daAuts
     D:3: 450 daAuts
